 Dungeon Sprint DCSS version 0.13-a0-2776-g5b28ffd (webtiles) character file.

467 JacquesDerrida the Frost Mage (level 7, -6/46 HPs)
             Began as a Merfolk Ice Elementalist on Aug 25, 2013.
             Was a Follower of Okawaru.
             Mangled by a wight
             ... wielding a +0,+0 great sword
              (14 damage)
             ... in the Dungeon (Sprint VII: "The Pits").
             The game lasted 00:06:14 (1579 turns).

JacquesDerrida the Frost Mage (MfIE)                Turns: 1579, Time: 00:06:14

HP  -6/46        AC  2     Str 10      XL: 7   Next:  3%
MP  10/18        EV 12     Int 14      God: Okawaru [*.....]
Gold 20          SH  0     Dex 15      Spells:  5 memorised,  2 levels left

Res.Fire  : . . .   See Invis. : .   j - +2 trident
Res.Cold  : . . .   Warding    : .   a - +0 robe
Life Prot.: . . .   Conserve   : .   (no shield)
Res.Poison: .       Res.Corr.  : .   (no helmet)
Res.Elec. : .       Clarity    : .   (no cloak)
Sust.Abil.: . .     Spirit.Shd : .   (no gloves)
Res.Mut.  : .       Prev.Telep.: +   (no boots)
Res.Rott. : .       Flight     : .   (no amulet)
Saprovore : . . .                    (no ring)
                                     (no ring)

@: drained, slightly resistant to hostile enchantments, fairly stealthy
A: change form in water, swift swim
a: Heroism, Renounce Religion


You were in the Dungeon.
You worshipped Okawaru.
Okawaru was most pleased with you.
You were full.

You visited 1 branch

Inventory:

Hand weapons
 j - a +2,+2 trident (weapon)
Armour
 a - a +0 robe (worn)
Comestibles
 c - 8 bread rations
 l - 7 meat rations
Scrolls
 i - a scroll of blinking
 n - 2 scrolls of vulnerability
 o - 3 scrolls of remove curse
 p - 5 scrolls of amnesia
 q - a scroll of summoning
Potions
 e - a potion of heal wounds
 f - a potion of speed
 g - 4 potions of magic
 h - 3 potions of berserk rage
 m - 2 potions of invisibility
Books
 b - a book of Frost

   Spells                             Type                      Level
   *Freeze                            Ice                          1
   *Throw Frost                       Conjuration/Ice              2
   *Ozocubu's Armour                  Charms/Ice                   3
   Throw Icicle                       Conjuration/Ice              4
   *Summon Ice Beast                  Ice/Summoning                4
   *Condensation Shield               Ice                          4


   Skills:
 - Level 2.6(1.8) Dodging
 - Level 2.1(1.3) Stealth
 - Level 5.3(4.4) Spellcasting
 + Level 3.2(2.4) Conjurations
 - Level 5.3(4.4) Charms
 + Level 12.7(11.7) Ice Magic


You had 2 spell levels left.
You knew the following spells:

 Your Spells              Type           Power        Failure   Level  Hunger
a - Freeze                Ice            ####         1%          1    None
b - Ozocubu's Armour      Chrm/Ice       ####......   1%          3    ###....
c - Condensation Shield   Ice            #####.....   1%          4    ####...
d - Throw Frost           Conj/Ice       ###...       1%          2    ##.....
e - Summon Ice Beast      Ice/Summ       ###.......   17%         4    ####...


Dungeon Overview and Level Annotations

Branches:
Dungeon (1/1)

Altars:
Ashenzari
Cheibriados
Elyvilon
Fedhas
Kikubaaqudgha
Makhleb
Nemelex Xobeh
Okawaru
Sif Muna
Trog
Vehumet
Xom
Yredelemnul
Zin
the Shining One
Beogh
Jiyva
Lugonu


Message History

You freeze the wight.
The wight completely resists.
The wight is moderately damaged.
The wight hits you with a great sword!
You feel drained.
* * * LOW HITPOINT WARNING * * *
Casting: Freeze
Confirm with . or Enter, or press ? or * to list all spells.
Aiming: Freeze
Press: ? - help, Shift-Dir - straight line, f/p - wight
Aim: a wight, wielding a great sword and wearing a robe (moderately damaged)
You freeze the wight.
The wight completely resists.
The wight is moderately damaged.
Casting: Freeze
Confirm with . or Enter, or press ? or * to list all spells.
Aiming: Freeze
Press: ? - help, Shift-Dir - straight line, f/p - wight
Aim: a wight, wielding a great sword and wearing a robe (moderately damaged)
You freeze the wight.
The wight resists.
The wight is moderately damaged.
The wight hits you with a great sword!
You die...

#.))).#.#.(##.....
#######'#####.....
#...........+..w..
#'#####'#####.....
#.#..#...'.##.....
#.#..#...#.#####'#
#.#..#####.##.....
#.#..'...#.##.....
#@#..'...'.##.....
#z#..########...<.
#.#..+ #.....
#.#..# #.....
#'###########.....
#..%z...#.. ######
#)###...#.# ####
#%#.....#)#z...#
#.#...#.#'#z...#


You could see a wight.

Vanquished Creatures
  An orc warrior (D)
  A brain worm (D)
  A giant frog (D)
  An orc wizard (D)
  An orc priest (D)
  4 worker ants (D)
  An adder (D)
  A green rat (D)
  A giant centipede (D)
  A giant mite (D)
  A worm (D)
  A giant eyeball (D)
  An ooze (D)
  3 orcs (D)
  A goblin (D)
  2 jackals (D)
  A quokka (D)
  A bat (D)
24 creatures vanquished.

Notes
Turn   | Place    | Note
--------------------------------------------------------------
     0 | D        | JacquesDerrida, the Merfolk Ice Elementalist, began the quest for the Orb.
     0 | D        | Reached XP level 1. HP: 13/13 MP: 3/3
    24 | D        | Reached skill level 4 in Ice Magic
   189 | D        | Found a viscous altar of Jiyva.
   189 | D        | Found a corrupted altar of Lugonu.
   189 | D        | Found a sparkling altar of Nemelex Xobeh.
   189 | D        | Found a shimmering altar of Xom.
   189 | D        | Found a deep blue altar of Sif Muna.
   189 | D        | Found a bloodstained altar of Trog.
   194 | D        | Found an iron altar of Okawaru.
   194 | D        | Found a roughly hewn altar of Beogh.
   194 | D        | Found a burning altar of Makhleb.
   194 | D        | Found an ancient bone altar of Kikubaaqudgha.
   194 | D        | Found a glowing silver altar of Zin.
   194 | D        | Found a radiant altar of Vehumet.
   194 | D        | Found a blossoming altar of Fedhas.
   194 | D        | Found a snail-covered altar of Cheibriados.
   194 | D        | Found a white marble altar of Elyvilon.
   194 | D        | Found a basalt altar of Yredelemnul.
   194 | D        | Found a glowing golden altar of the Shining One.
   194 | D        | Found a shattered altar of Ashenzari.
   202 | D        | Became a worshipper of Warmaster Okawaru
   213 | D        | Noticed a worker ant
   226 | D        | Killed a worker ant
   226 | D        | Reached skill level 6 in Ice Magic
   226 | D        | Reached XP level 2. HP: 4/19 MP: 1/5
   226 | D        | Reached XP level 3. HP: 5/24 MP: 1/7
   461 | D        | Learned a level 3 spell: Ozocubu's Armour
   471 | D        | Noticed a worker ant
   478 | D        | Paralysed by a giant eyeball for 3 turns
   492 | D        | Killed a worker ant
   492 | D        | Reached skill level 7 in Ice Magic
   530 | D        | Noticed a brain worm
   530 | D        | Noticed a worker ant
   541 | D        | Reached XP level 4. HP: 27/30 MP: 9/9
   626 | D        | Learned a level 4 spell: Condensation Shield
   654 | D        | Killed a worker ant
   654 | D        | Reached skill level 8 in Ice Magic
   717 | D        | Killed a brain worm
   717 | D        | Acquired Okawaru's first power
   717 | D        | Reached skill level 5 in Charms
   717 | D        | Reached skill level 10 in Ice Magic
   717 | D        | Reached XP level 5. HP: 26/35 MP: 4/10
   721 | D        | Learned a level 2 spell: Throw Frost
   838 | D        | Noticed a worker ant
   842 | D        | Noticed an orc priest
   846 | D        | Killed an orc priest
   848 | D        | Killed a worker ant
   848 | D        | Reached skill level 11 in Ice Magic
   848 | D        | Reached XP level 6. HP: 11/41 MP: 2/14
  1112 | D        | Noticed a giant frog
  1117 | D        | Noticed an orc wizard
  1125 | D        | Killed a giant frog
  1125 | D        | Reached skill level 5 in Spellcasting
  1128 | D        | Killed an orc wizard
  1128 | D        | Reached skill level 12 in Ice Magic
  1129 | D        | JacquesDerrida: Ну теперь урчать пришли
  1129 | D        | JacquesDerrida: сели на меня
  1129 | D        | JacquesDerrida: а играть как
  1182 | D        | Reached skill level 1 in Conjurations
  1211 | D        | Noticed a spiny worm
  1281 | D        | Learned a level 4 spell: Summon Ice Beast
  1281 | D        | JacquesDerrida: бляяяя
  1281 | D        | JacquesDerrida: окавару расстроится
  1281 | D        | JacquesDerrida: за айс бистов
  1421 | D        | Noticed an orc warrior
  1426 | D        | Killed an orc warrior
  1426 | D        | Reached XP level 7. HP: 33/46 MP: 13/18
  1556 | D        | Noticed a wight
  1556 | D        | Noticed a wight
  1556 | D        | Noticed a shadow
  1556 | D        | Noticed a two-headed ogre
  1557 | D        | Noticed a wight
  1557 | D        | Noticed a wight
  1557 | D        | Noticed a wight
  1579 | D        | Mangled by a wight

Action                   |  1- 3 |  4- 6 |  7- 9 || total
-------------------------+-------+-------+-------++-------
Melee: Unarmed           |     9 |       |       ||     9
       Trident           |    14 |    16 |     5 ||    35
 Cast: Freeze            |    12 |    44 |     8 ||    64
       Throw Frost       |       |    14 |     2 ||    16
  Use: Potion            |       |     1 |       ||     1
 Stab: Sleeping          |     1 |       |       ||     1
